 Dungeon Crawl Stone Soup version 0.21.0 (webtiles) character file.

126 Hekarica the Stinger (level 5, -1/34 HPs)
             Began as an Octopode Venom Mage on May 24, 2018.
             Slain by Hekarica's ghost (7 damage)
             ... on level 3 of the Dungeon.
             The game lasted 00:11:26 (1767 turns).

Hekarica the Stinger (Octopode Venom Mage)          Turns: 1767, Time: 00:11:26

Health: -1/34      AC:  1    Str:  8    XL:     5   Next: 9%
Magic:  8/8        EV: 13    Int: 17    God:
Gold:   80         SH:  0    Dex: 13    Spells: 7/8 levels left

rFire    . . .     SeeInvis .   g - +6 dagger (vamp)
rCold    . . .     Gourm    .   (no shield)
rNeg     . . .     Faith    +   (helmet restricted)
rPois    .         Spirit   .   b - amulet of faith
rElec    .         Reflect  .   e - ring of protection from magic
rCorr    +         Harm     .   h - ring of resist corrosion
MR       +....                  (no ring)
Stlth    +++.......             (no ring)
HPRegen  0.11/turn              (no ring)
MPRegen  0.11/turn              (no ring)
                                (no ring)
                                (no ring)

@: no status effects
A: almost no armour, stealthy swim, amphibious, 8 rings, constrict 8, camouflage
1, gelatinous body 1
a: no special abilities


You were on level 3 of the Dungeon.
You were not hungry.

You visited 1 branch of the dungeon, and saw 3 of its levels.

You collected 80 gold pieces.

Inventory:

Hand Weapons
 g - a +6 vampiric dagger (weapon)
 i - a +4 hand axe
Jewellery
 b - an amulet of faith (around mantle)
 e - a ring of protection from magic (left tentacle)
 h - a ring of resist corrosion (right tentacle)
Scrolls
 j - 2 scrolls of remove curse
 k - a scroll of immolation {unknown}
 n - a scroll of identify
Potions
 c - a potion of cancellation {unknown}
 d - a potion of flight {unknown}
 f - a potion of curing {unknown}
 m - a potion of agility {unknown}
Books
 a - a Young Poisoner's Handbook

   Spells                             Type                      Level
   a - Sting                          Conjuration/Poison           1
   b - Poisonous Vapours              Poison/Air                   2
   c - Mephitic Cloud                 Conjuration/Poison/Air       3
   d - Olgreb's Toxic Radiance        Poison                       4
   e - Venom Bolt                     Conjuration/Poison           5
Comestibles
 l - a ration


   Skills:
 + Level 2.1 Fighting
 * Level 2.6 Short Blades
 - Level 2.3 Dodging
 - Level 2.9 Stealth
 - Level 1.1 Unarmed Combat
 - Level 2.4 Spellcasting
 - Level 1.1 Conjurations
 - Level 3.7 Poison Magic


You had 7 spell levels left.
You knew the following spells:

 Your Spells              Type           Power        Failure   Level  Hunger
a - Sting                 Conj/Pois      ##..         7%          1    #......


Dungeon Overview and Level Annotations

Branches:
Dungeon (3/15)

Altars:
Uskayaw

Annotations:
D:3 Hekarica's ghost, amateur CeHu


Innate Abilities, Weirdness & Mutations

You cannot wear most types of armour.
You are very stealthy in the water. (Stealth+)
You are amphibious.
You can wear up to eight rings at the same time.
You can use your tentacles to constrict eight enemies at once.
Your skin changes colour to match your surroundings (Stealth+).
Your rubbery body absorbs attacks. (AC +1, EV +1)


Message History

You barely miss Hekarica's ghost.
Hekarica's ghost is heavily damaged.
Hekarica's ghost hits you.
You closely miss Hekarica's ghost.
Hekarica's ghost is heavily damaged.
You hit Hekarica's ghost.
Hekarica's ghost is heavily damaged.
Hekarica's ghost closely misses you.
You hit Hekarica's ghost.
Hekarica's ghost is heavily damaged.
Hekarica's ghost hits you.
* * * LOW HITPOINT WARNING * * *
You hit Hekarica's ghost.
Hekarica's ghost is severely damaged.
Hekarica's ghost hits you.
* * * LOW HITPOINT WARNING * * *
You hit Hekarica's ghost.
Hekarica's ghost is severely damaged.
Hekarica's ghost hits you!
You die...

...................###
...................#
...................##.#
...................>..#
............†######.###
.........###.# .#
.......?.#..†# .#
.........#.."# #
....$....@...#
.....<..W....#
##.[.........#
##...........[
####.......###
##..#...# #....... ###
#...#


You could see Hekarica's ghost.

Vanquished Creatures
  An orc wizard (D:2)
  3 adders
  A dart slug (D:1)
  2 leopard geckos
  3 orcs (D:2)
  3 giant cockroaches
  9 goblins
  7 hobgoblins
  5 jackals
  7 kobolds
  2 quokkas
  9 bats
  A frilled lizard (D:2)
  6 rats
59 creatures vanquished.

Notes
Turn   | Place    | Note
-------+----------+-------------------------------------------
     0 | D:1      | Hekarica the Octopode Venom Mage began the quest for the Orb.
     0 | D:1      | Reached XP level 1. HP: 11/11 MP: 3/3
    62 | D:1      | Reached XP level 2. HP: 18/18 MP: 0/5
   240 | D:1      | Reached skill level 1 in Unarmed Combat
   471 | D:1      | Reached XP level 3. HP: 13/22 MP: 1/6
   876 | D:1      | Reached skill level 1 in Fighting
  1087 | D:2      | Reached skill level 1 in Short Blades
  1165 | D:2      | Reached XP level 4. HP: 27/29 MP: 7/7
  1293 | D:2      | Found a hide-covered altar of Uskayaw.
  1699 | D:3      | Reached XP level 5. HP: 28/34 MP: 5/8
  1746 | D:3      | Noticed Hekarica's ghost (amateur CeHu)
  1767 | D:3      | Slain by Hekarica's ghost

Skill      XL: |  1  2  3  4 |
---------------+-------------+-----
Unarmed Combat | 1 |  1.1
Fighting       | 1 2 |  2.1
Short Blades   | 1 2 |  2.6
Dodging        | |  2.3
Stealth        | |  2.9
Spellcasting   | |  2.4
Conjurations   | |  1.1
Poison Magic   | |  3.7

Action                   |  1- 3 |  4- 6 || total
-------------------------+-------+-------++-------
Melee: Unarmed           |    21 |       ||    21
       Tentacles         |     8 |     1 ||     9
       Constrict         |    11 |     9 ||    20
       Dagger            |    24 |    38 ||    62
 Cast: Sting             |    43 |    14 ||    57
  Use: Scroll            |     7 |       ||     7
 Stab: Sleeping          |     3 |     1 ||     4
  Eat: Ration            |     3 |       ||     3
       Chunk             |       |     2 ||     2
Armor: Skin              |     2 |     9 ||    11
Dodge: Dodged            |    29 |    33 ||    62
